 Dungeon Crawl Stone Soup version 0.27-a0-577-ge2a43ba0c9 (webtiles) character file.

Game seed: 7364505024191287381

49 Azunone the Skirmisher (level 3, -2/31 HPs)
             Began as a Gnoll Wanderer on Mar 9, 2021.
             Slain by a worm (11 damage)
             ... on level 2 of the Dungeon.
             The game lasted 00:02:04 (989 turns).

Azunone the Skirmisher (Gnoll Wanderer)              Turns: 989, Time: 00:02:05

Health: -2/31      AC:  2    Str: 12    XL:     3   Next: 75%
Magic:  7/7        EV: 12    Int:  9    God:
Gold:   95         SH:  0    Dex: 13    Spells: 3/7 levels left

rFire    . . .     SeeInvis .   a - +2 dagger
rCold    . . .     Faith    .   (no shield)
rNeg     . . .     Spirit   .   f - +0 robe
rPois    .         Reflect  .   (no helmet)
rElec    .         Harm     .   (no cloak)
rCorr    .         Rampage  .   (no gloves)
Will     .....                  (no boots)
Stlth    +++.......             (no amulet)
HPRegen  0.10/turn              (no ring)
MPRegen  0.10/turn              (no ring)

@: no status effects
A: fangs 1, strong nose, distributed training
a: no special abilities


You were on level 2 of the Dungeon.
You visited 1 branch of the dungeon, and saw 2 of its levels.

You collected 95 gold pieces.

Inventory:

Hand Weapons
 a - a +2 dagger (weapon)
 c - a +0 hunting sling
 e - a +0 dagger
Missiles
 d - 12 poisoned darts (quivered)
Armour
 f - a +0 robe (worn)
Jewellery
 o - an amulet of guardian spirit
Scrolls
 h - a scroll of blinking {unknown}
 i - a scroll of teleportation {unknown}
 k - a scroll of magic mapping {unknown}
 l - a scroll of enchant weapon {unknown}
 n - a scroll of enchant armour {unknown}
 p - a scroll of identify {unknown}
Potions
 b - a potion of heal wounds
 g - a potion of haste
 j - 2 potions of flight {unknown}
 m - a potion of mutation {unknown}


   Skills:
 + Level 4.5 Fighting
 + Level 2.6 Short Blades
 + Level 0.9 Long Blades
 + Level 0.9 Axes
 + Level 0.9 Maces & Flails
 + Level 0.9 Polearms
 + Level 0.9 Staves
 + Level 0.9 Slings
 + Level 0.9 Bows
 + Level 0.9 Crossbows
 + Level 2.6 Throwing
 + Level 0.9 Armour
 + Level 2.6 Dodging
 + Level 4.2 Stealth
 + Level 0.9 Shields
 + Level 0.9 Unarmed Combat
 + Level 2.8 Spellcasting
 + Level 0.6 Conjurations
 + Level 0.6 Hexes
 + Level 0.6 Summonings
 + Level 0.6 Necromancy
 + Level 0.6 Translocations
 + Level 3.8 Transmutations
 + Level 0.6 Fire Magic
 + Level 0.6 Ice Magic
 + Level 0.6 Air Magic
 + Level 0.6 Earth Magic
 + Level 0.6 Poison Magic
 + Level 1.0 Invocations
 + Level 0.9 Evocations


You had 3 spell levels left.
You knew the following spells:

 Your Spells              Type           Power      Damage    Failure   Level
a - Apportation           Tloc           4%         N/A       24%         1
b - Teleport Other        Tloc           2%         N/A       56%         3

Your spell library contained the following spells:

 Spells                   Type           Power      Damage    Failure   Level


Dungeon Overview and Level Annotations

Branches:
Dungeon (2/15)

Altars:

Annotations:
D:2 Jessica


Innate Abilities, Weirdness & Mutations

You have very sharp teeth.
Your uncanny sense of smell can sniff out nearby items.
Your experience applies equally to all skills.


Message History

The dart slug is severely wounded.
The dart slug barely misses you.
You hit the dart slug.
You kill the dart slug!
No target in view!
A worm comes into view.
A worm is nearby!
A leopard gecko and Jessica come into view.
Found a long sword.
Jessica shouts!
The leopard gecko hisses angrily.
Jessica gestures at you while chanting. Pain shoots through your body!
You hit the leopard gecko.
The leopard gecko is heavily wounded.
The leopard gecko closely misses you.
You closely miss the leopard gecko.
The leopard gecko is heavily wounded.
The leopard gecko bites you.
You hit the leopard gecko.
The leopard gecko is almost dead.
The leopard gecko barely misses you.
Jessica drinks a potion.
Jessica seems to speed up.
You hit the leopard gecko.
You kill the leopard gecko!
Jessica hits you but does no damage.
You closely miss Jessica. Jessica barely misses you.
You closely miss Jessica. Jessica hits you.
You hit Jessica.
Jessica is lightly wounded.
Jessica misses you.
You barely miss Jessica. You bite Jessica.
Jessica is moderately wounded.
Jessica hits you. x2
* * * LOW HITPOINT WARNING * * *
You completely miss Jessica.
Jessica is moderately wounded.
Jessica gestures wildly while chanting.
Jessica blinks!
The worm bites you!
You die...

.....<...#
#.....#.........
....)....#
#.....#()....#.
.........#
#.....#.....#_#
#.......##
#.....#.†....#.
#.......#
#.....#.........
#.......#
###+###....#....
#.......# #
#..(........
##+######
#.#.#########+ #
#.#@#......
#.###.#w.......
....@...######.
##.............
#......######.
#......#
#......#
#......#
#......#


You could see a worm.

Vanquished Creatures
  A gnoll (D:1)
  2 dart slugs
  2 leopard geckos
  5 giant cockroaches
  3 goblins
  4 hobgoblins
  5 kobolds (D:1)
  A ball python (D:2)
  3 bats
  2 frilled lizards (D:1)
  4 rats (D:1)
32 creatures vanquished.

Notes
Turn   | Place    | Note
-------+----------+-------------------------------------------
     0 | D:1      | Azunone the Gnoll Wanderer began the quest for the Orb.
     0 | D:1      | Azunone set off with the following items: a +2 dagger, a
                  | potion of heal wounds, 12 poisoned darts, a +0 dagger, a +0
                  | robe; and the following spell memorised: Apportation; and
                  | the following spells available to memorise: Teleport Other
     0 | D:1      | Reached XP level 1. HP: 20/20 MP: 4/4
   130 | D:1      | Reached XP level 2. HP: 26/26 MP: 5/5
   238 | D:1      | Reached XP level 3. HP: 30/31 MP: 7/7
   242 | D:1      | Learned a level 3 spell: Teleport Other
   711 | D:1      | Reached skill level 1 in Invocations
   857 | D:2      | Found a faded altar of an unknown god.
   971 | D:2      | Noticed Jessica
   989 | D:2      | Slain by a worm

Illustrated notes

Levels and vault maps discovered:
D:1:      dpeg_arrival_arbitrary_a, layout_rooms
D:2:      layout_basic, chequers_ecumenical_altar_simple, uniq_jessica

Skill      XL: |  1  2  3 |
---------------+----------+-----
Invocations    | 1 |  1.0
Fighting       | |  4.5
Short Blades   | |  2.6
Long Blades    | |  0.9
Axes           | |  0.9
Maces & Flails | |  0.9
Polearms       | |  0.9
Staves         | |  0.9
Slings         | |  0.9
Bows           | |  0.9
Crossbows      | |  0.9
Throwing       | |  2.6
Armour         | |  0.9
Dodging        | |  2.6
Stealth        | |  4.2
Shields        | |  0.9
Unarmed Combat | |  0.9
Spellcasting   | |  2.8
Conjurations   | |  0.6
Hexes          | |  0.6
Summonings     | |  0.6
Necromancy     | |  0.6
Translocations | |  0.6
Transmutations | |  3.8
Fire Magic     | |  0.6
Ice Magic      | |  0.6
Air Magic      | |  0.6
Earth Magic    | |  0.6
Poison Magic   | |  0.6
Evocations     | |  0.9

Action                   || total
-------------------------++-------
Melee: Dagger            ||   102
       Bite              ||     8
 Stab: Sleeping          ||     5
Armor: Robe              ||    15
Dodge: Dodged            ||    49

Table legend: (Time is in decaauts)
 A = Elapsed time spent in this place.
 B = Non-inter-level travel time spent in this place.
 C = Inter-level travel time spent in this place.
 D = Time resting spent in this place.
 E = Time spent auto-exploring this place.
 F = Levels seen in this place.
 G = Mean time per level.
                   A        B        C        D        E       F      G
               +--------+--------+--------+--------+--------+-----+--------+
         Total |    975 |    946 |     29 |      0 |    731 |   2 |  487.5 |
       Dungeon |    975 |    946 |     29 |      0 |    731 |   2 |  487.5 |
               +--------+--------+--------+--------+--------+-----+--------+

Top non-repeatable levels by time:
     D:1: 777 daAuts
     D:2: 198 daAuts
